| TOP OF THE 1ST |
|
Dunedin Rangers batting - Pitching for St. Pete Cardinals : LHP Hugo Torre
|
|
Pitching: LHP Hugo Torre
|
|
|
Batting: SHB Bryan Little
|
0-0: Ball 1-0: Ball 2-0: Called Strike 2-1: Swinging Strike 2-2: Foul Ball, location: 2F 2-2: Ball 3-2: Base on Balls
|
|
Batting: LHB Mike L Hart
|
0-0: Ball 1-0: Ball 2-0: Fly out, F8 (Flyball, 78D, EV 97.5 MPH)
|
|
Batting: RHB Glenn Wilson
|
0-0: Ball 1-0: Ball 2-0: Called Strike 2-1: Ball 3-1: Foul Ball, location: 2F 3-2: Base on Balls Bryan Little to second
|
|
Batting: RHB Edgar Martinez
|
0-0: Called Strike 0-1: 3-RUN HOME RUN (Flyball, 7D, EV 100.6 MPH), Distance : 382 ft
|
|
Batting: LHB Ty Van Burkleo
|
0-0: Ball 1-0: Fly out, F7 (Flyball, 7LM, EV 101.3 MPH)
|
|
Batting: RHB Bob Gergen
|
0-0: Foul Ball, location: 2F 0-1: Ball 1-1: Swinging Strike 1-2: Ball 2-2: Foul Ball, location: 2F 2-2: SINGLE (Groundball, 4M, EV 106.3 MPH) (infield hit)
|
|
Batting: RHB Gary Thurman
|
0-0: Ball 1-0: DOUBLE (Line Drive, 9LM, EV 101.9 MPH) Bob Gergen to third Runner from 3rd tries for Home, SAFE, no throw by RF
|
|
Batting: RHB Ron Gant
|
0-0: Fly out, F9 (Flyball, 9, EV 87.5 MPH)
|
| Top of the 1st over - 4 runs, 3 hits, 0 errors, 1 left on base; Dunedin 4 - St. Pete 0 |
| BOTTOM OF THE 1ST |
|
St. Pete Cardinals batting - Pitching for Dunedin Rangers : RHP Walt Terrell
|
|
Pitching: RHP Walt Terrell
|
|
|
Batting: RHB John Roberts
|
0-0: Called Strike 0-1: Ball 1-1: Ball 2-1: Ball 3-1: SINGLE (Groundball, 6MD, EV 103.8 MPH)
|
|
Batting: RHB Sal Agostinelli
|
0-0: Called Strike 0-1: Foul Ball, location: 2F 0-2: Ball 1-2: Foul Ball, location: 2F 1-2: Strikes out swinging
|
|
Batting: RHB Joe Scime
|
0-0: Ball John Roberts steals 2nd base 1-0: Fly out, F7 (Flyball, 7D, EV 97.5 MPH)
|
|
Batting: RHB Eric Hardgrave
|
0-0: Called Strike 0-1: Fly out, F9 (Flyball, 9D, EV 97.5 MPH)
|
| Bottom of the 1st over - 0 runs, 1 hit, 0 errors, 1 left on base; Dunedin 4 - St. Pete 0 |
| TOP OF THE 2ND |
|
Dunedin Rangers batting - Pitching for St. Pete Cardinals : LHP Hugo Torre
|
|
Batting: RHB Antonio Martinez
|
0-0: Ball 1-0: Foul Ball, location: 2F 1-1: Foul Ball, location: 2F 1-2: Ball 2-2: Ball 3-2: Base on Balls
|
|
Batting: SHB Bryan Little
|
0-0: Ball 1-0: Called Strike 1-1: Foul Ball, location: 2F 1-2: Ball 2-2: Fly out, F9 (Line Drive, 9, EV 83.8 MPH)
|
|
Batting: LHB Mike L Hart
|
0-0: Swinging Strike 0-1: Called Strike 0-2: Foul Ball, location: 9LSF, Error on foul ball, E9 0-2: Ball 1-2: TRIPLE (Flyball, 78XD, EV 89.4 MPH) Antonio Martinez scores
|
|
Batting: RHB Glenn Wilson
|
0-0: Hit by Pitch
|
|
Pitching: RHP Edward Reilly
|
|
|
Batting: RHB Edgar Martinez
|
0-0: Swinging Strike 0-1: Foul Ball, location: 2F 0-2: Foul Ball, location: 2F 0-2: Strikes out swinging
|
|
Batting: LHB Ty Van Burkleo
|
0-0: SINGLE (Line Drive, 78S, EV 112.5 MPH) Mike L Hart scores Glenn Wilson to second
|
|
Batting: RHB Bob Gergen
|
0-0: Ball 1-0: 3-RUN HOME RUN (Flyball, 7D, EV 95.6 MPH), Distance : 381 ft
|
|
Batting: RHB Gary Thurman
|
0-0: Ball 1-0: Fly out, F7 (Flyball, 7LM, EV 88.8 MPH)
|
| Top of the 2nd over - 5 runs, 3 hits, 1 error, 0 left on base; Dunedin 9 - St. Pete 0 |
| BOTTOM OF THE 2ND |
|
St. Pete Cardinals batting - Pitching for Dunedin Rangers : RHP Walt Terrell
|
|
Batting: LHB Richard Hazard
|
0-0: Ball 1-0: Foul Ball, location: 2F 1-1: Fly out, F6 (Line Drive, 6, EV 68.1 MPH)
|
|
Batting: RHB Jose Martinez
|
0-0: Ball 1-0: Ball 2-0: Ball 3-0: Called Strike 3-1: Base on Balls
|
|
Batting: LHB Kevin Birkofer
|
0-0: Foul Ball, location: 2F 0-1: Foul Ball, location: 2F 0-2: Ball 1-2: Ball 2-2: SINGLE (Groundball, 56D, EV 100.6 MPH) Jose Martinez to second
|
|
Batting: RHB Omar Interiano
|
0-0: Ball 1-0: Ball 2-0: Foul Ball, location: 2F 2-1: Ball 3-1: SINGLE (Groundball, 4D, EV 97.5 MPH) Jose Martinez to third Kevin Birkofer to second Runner from 3rd tries for Home, SAFE, throw by CF to home
|
|
Batting: RHB Jose Mantilla
|
0-0: Swinging Strike 0-1: Ball 1-1: Foul Ball, location: 2F 1-2: Strikes out swinging
|
|
Batting: RHB John Roberts
|
0-0: Swinging Strike 0-1: Ball 1-1: SINGLE (Line Drive, 7S, EV 105.0 MPH) Kevin Birkofer to third Omar Interiano to second Runner from 3rd tries for Home, SAFE, throw by LF to home
|
|
Batting: RHB Sal Agostinelli
|
0-0: Ball 1-0: Ball 2-0: Ball 3-0: Base on Balls Omar Interiano to third John Roberts to second
|
|
Batting: RHB Joe Scime
|
0-0: Ball 1-0: Called Strike 1-1: Ball 2-1: Foul Ball, location: 2F 2-2: Strikes out swinging
|
| Bottom of the 2nd over - 2 runs, 3 hits, 0 errors, 3 left on base; Dunedin 9 - St. Pete 2 |
| TOP OF THE 3RD |
|
Dunedin Rangers batting - Pitching for St. Pete Cardinals : RHP Edward Reilly
|
|
Batting: RHB Ron Gant
|
0-0: Called Strike 0-1: Ball 1-1: Foul Ball, location: 2F 1-2: Ball 2-2: Fly out, F9 (Flyball, 89S, EV 90.6 MPH)
|
|
Batting: RHB Antonio Martinez
|
0-0: Ball 1-0: Ground out U3 (Groundball, 34, EV 86.3 MPH)
|
|
Batting: SHB Bryan Little
|
0-0: Ball 1-0: Fly out, F7 (Flyball, 7LM, EV 82.5 MPH)
|
| Top of the 3rd over - 0 runs, 0 hits, 0 errors, 0 left on base; Dunedin 9 - St. Pete 2 |
| BOTTOM OF THE 3RD |
|
St. Pete Cardinals batting - Pitching for Dunedin Rangers : RHP Walt Terrell
|
|
Batting: RHB Eric Hardgrave
|
0-0: Ball 1-0: Ball 2-0: Foul Ball, location: 2F 2-1: Foul Ball, location: 2F 2-2: Ball 3-2: Foul Ball, location: 2F 3-2: Base on Balls
|
|
Batting: LHB Richard Hazard
|
0-0: Swinging Strike 0-1: Ball 1-1: Called Strike 1-2: Ball 2-2: Fielders Choice at 2nd, 4-6 (Groundball, 4, EV 83.1 MPH)
|
|
Batting: RHB Jose Martinez
|
0-0: Swinging Strike 0-1: Swinging Strike 0-2: Ball 1-2: Ball 2-2: Strikes out swinging
|
|
Batting: LHB Kevin Birkofer
|
0-0: Swinging Strike 0-1: Ball 1-1: Fielders Choice at 2nd, 6-4 (Groundball, 6, EV 81.3 MPH)
|
| Bottom of the 3rd over - 0 runs, 0 hits, 0 errors, 1 left on base; Dunedin 9 - St. Pete 2 |
| TOP OF THE 4TH |
|
Dunedin Rangers batting - Pitching for St. Pete Cardinals : RHP Edward Reilly
|
|
Batting: LHB Mike L Hart
|
0-0: Ball 1-0: Called Strike 1-1: Ground out 6-3 (Groundball, 6M, EV 85.6 MPH)
|
|
Batting: RHB Glenn Wilson
|
0-0: Called Strike 0-1: Foul Ball, location: 2F 0-2: Foul Ball, location: 2F 0-2: Ball 1-2: Ball 2-2: Foul Ball, location: 2F 2-2: Strikes out swinging
|
|
Batting: RHB Edgar Martinez
|
0-0: Foul Ball, location: 2F 0-1: Ball 1-1: Fly out, F8 (Flyball, 89D, EV 105.6 MPH)
|
| Top of the 4th over - 0 runs, 0 hits, 0 errors, 0 left on base; Dunedin 9 - St. Pete 2 |
| BOTTOM OF THE 4TH |
|
St. Pete Cardinals batting - Pitching for Dunedin Rangers : RHP Walt Terrell
|
|
Batting: RHB Omar Interiano
|
0-0: Called Strike 0-1: Called Strike 0-2: Foul Ball, location: 2F 0-2: Strikes out swinging
|
|
Batting: RHB Jose Mantilla
|
0-0: Ball 1-0: Foul Ball, location: 2F 1-1: Ball 2-1: Foul Ball, location: 2F 2-2: Fly out, F9 (Flyball, 9, EV 90.0 MPH)
|
|
Batting: RHB John Roberts
|
0-0: Ball 1-0: Called Strike 1-1: Ball 2-1: SINGLE (Groundball, 4M, EV 106.9 MPH) (infield hit)
|
|
Batting: RHB Sal Agostinelli
|
0-0: Called Strike 0-1: Ball 1-1: Ball 2-1: Swinging Strike 2-2: Fly out, F7 (Flyball, 78D, EV 106.3 MPH)
|
| Bottom of the 4th over - 0 runs, 1 hit, 0 errors, 1 left on base; Dunedin 9 - St. Pete 2 |
| TOP OF THE 5TH |
|
Dunedin Rangers batting - Pitching for St. Pete Cardinals : RHP Edward Reilly
|
|
Batting: LHB Ty Van Burkleo
|
0-0: Ball 1-0: Fly out, F8 (Flyball, 8LS, EV 91.9 MPH)
|
|
Batting: RHB Bob Gergen
|
0-0: Ball 1-0: Called Strike 1-1: Ground out 6-3 (Groundball, 6, EV 105.6 MPH)
|
|
Batting: RHB Gary Thurman
|
0-0: Ball 1-0: Ball 2-0: Foul Ball, location: 2F 2-1: Ball 3-1: Called Strike 3-2: Foul Ball, location: 2F 3-2: Strikes out swinging
|
| Top of the 5th over - 0 runs, 0 hits, 0 errors, 0 left on base; Dunedin 9 - St. Pete 2 |
| BOTTOM OF THE 5TH |
|
St. Pete Cardinals batting - Pitching for Dunedin Rangers : RHP Walt Terrell
|
|
Batting: RHB Joe Scime
|
0-0: Ball 1-0: Called Strike 1-1: Swinging Strike 1-2: Foul Ball, location: 2F 1-2: Ground out 4-3 (Groundball, 4M, EV 86.3 MPH)
|
|
Batting: RHB Eric Hardgrave
|
0-0: Called Strike 0-1: Called Strike 0-2: Ball 1-2: Ball 2-2: Ball 3-2: Foul Ball, location: 2F 3-2: Strikes out looking
|
|
Batting: LHB Richard Hazard
|
0-0: Swinging Strike 0-1: Ball 1-1: SOLO HOME RUN (Flyball, 9D, EV 95.6 MPH), Distance : 373 ft
|
|
Batting: RHB Jose Martinez
|
0-0: SINGLE (Groundball, 4M, EV 101.9 MPH) (infield hit)
|
|
Batting: LHB Kevin Birkofer
|
0-0: Ball 1-0: Foul Ball, location: 2F 1-1: Ground out 4-3 (Groundball, 4, EV 95.6 MPH)
|
| Bottom of the 5th over - 1 run, 2 hits, 0 errors, 1 left on base; Dunedin 9 - St. Pete 3 |
| TOP OF THE 6TH |
|
Dunedin Rangers batting - Pitching for St. Pete Cardinals : RHP Edward Reilly
|
|
Batting: RHB Ron Gant
|
0-0: Called Strike 0-1: SINGLE (Flyball, 34D, EV 95.6 MPH)
|
|
Batting: RHB Antonio Martinez
|
0-0: Ball Ron Gant steals 2nd base 1-0: Foul Ball, location: 2F 1-1: Fly out, F8 (Flyball, 8RD, EV 99.4 MPH)
|
|
Batting: SHB Bryan Little
|
0-0: SINGLE (Line Drive, 4D, EV 98.1 MPH) Ron Gant to third
|
|
Batting: LHB Mike L Hart
|
0-0: Ball 1-0: Fly out, F8 (Flyball, 78XD, EV 106.9 MPH) Runner from 3rd tags up, SCORES, no throw by CF
|
|
Batting: RHB Glenn Wilson
|
0-0: Called Strike 0-1: Ball 1-1: Ball Bryan Little steals 2nd base 2-1: Foul Ball, location: 2F 2-2: Fly out, F8 (Line Drive, 8RD, EV 100.6 MPH)
|
| Top of the 6th over - 1 run, 2 hits, 0 errors, 1 left on base; Dunedin 10 - St. Pete 3 |
| BOTTOM OF THE 6TH |
|
St. Pete Cardinals batting - Pitching for Dunedin Rangers : RHP Walt Terrell
|
|
Batting: RHB Omar Interiano
|
0-0: Ground out 4-3 (Groundball, 4, EV 78.8 MPH)
|
|
Batting: RHB Jose Mantilla
|
0-0: Foul Ball, location: 2F 0-1: Called Strike 0-2: Fly out, F7 (Flyball, 7LM, EV 105.6 MPH)
|
|
Batting: RHB John Roberts
|
0-0: Called Strike 0-1: SINGLE (Flyball, 9LS, EV 89.4 MPH)
|
|
Batting: RHB Sal Agostinelli
|
0-0: Foul Ball, location: 2F 0-1: Ground out 4-3 (Groundball, 4, EV 83.8 MPH)
|
| Bottom of the 6th over - 0 runs, 1 hit, 0 errors, 1 left on base; Dunedin 10 - St. Pete 3 |
| TOP OF THE 7TH |
|
Dunedin Rangers batting - Pitching for St. Pete Cardinals : RHP Edward Reilly
|
|
Pinch Hitting: RHB Frank Vazquez
|
0-0: Fly out, F8 (Flyball, 78M, EV 90.0 MPH)
|
|
Pinch Hitting: RHB Ricky Rosario
|
0-0: Called Strike 0-1: Ball 1-1: Ball 2-1: Called Strike 2-2: Ball 3-2: Ground out U3 (Groundball, 3S, EV 87.5 MPH)
|
|
Batting: RHB Bob Gergen
|
0-0: Ball 1-0: Called Strike 1-1: Ground out U3 (Groundball, 34, EV 97.5 MPH)
|
| Top of the 7th over - 0 runs, 0 hits, 0 errors, 0 left on base; Dunedin 10 - St. Pete 3 |
| BOTTOM OF THE 7TH |
|
St. Pete Cardinals batting - Pitching for Dunedin Rangers : RHP Walt Terrell
|
|
Now at 1B: Ricky Rosario
|
|
|
Now at SS: Frank Vazquez
|
|
|
Batting: RHB Joe Scime
|
0-0: Called Strike 0-1: Ball 1-1: Ball 2-1: Swinging Strike 2-2: Ground out 4-3 (Groundball, 4, EV 82.5 MPH)
|
|
Batting: RHB Eric Hardgrave
|
0-0: Ball 1-0: Called Strike 1-1: Ball 2-1: SINGLE (Line Drive, 7LS, EV 101.9 MPH)
|
|
Pinch Hitting: RHB Carlos Garcia
|
0-0: Ball 1-0: Called Strike 1-1: Fielders Choice at 2nd, 6-4 (Groundball, 6, EV 107.5 MPH)
|
|
Batting: RHB Jose Martinez
|
0-0: Fielders Choice at 2nd, 6-4 (Groundball, 6, EV 90.0 MPH)
|
| Bottom of the 7th over - 0 runs, 1 hit, 0 errors, 1 left on base; Dunedin 10 - St. Pete 3 |
| TOP OF THE 8TH |
|
Dunedin Rangers batting - Pitching for St. Pete Cardinals : RHP Edward Reilly
|
|
Now in RF: Carlos Garcia
|
|
|
Batting: RHB Gary Thurman
|
0-0: Ball 1-0: Foul Ball, location: 2F 1-1: Ball 2-1: Foul Ball, location: 2F 2-2: SINGLE (Groundball, 6MD, EV 98.1 MPH)
|
|
Pitching: RHP Ed Myers
|
|
|
Pinch Hitting: SHB Andy Owings
|
0-0: Fielders Choice at 2nd, 6-4 (Groundball, 6, EV 80.6 MPH)
|
|
Batting: RHB Antonio Martinez
|
0-0: Foul Ball, location: 2F 0-1: Swinging Strike 0-2: SINGLE (Flyball, 5D, EV 94.4 MPH) Andy Owings to second
|
|
Pinch Hitting: SHB Joel Boni
|
0-0: Called Strike 0-1: Ball 1-1: Foul Ball, location: 2F 1-2: Strikes out swinging
|
|
Pinch Hitting: LHB Jim Traber
|
0-0: Ball 1-0: Foul Ball, location: 2F 1-1: Foul Ball, location: 2F 1-2: Ball 2-2: Foul Ball, location: 2F 2-2: Foul Ball, location: 2F 2-2: Foul Ball, location: 2F 2-2: Foul Ball, location: 2F 2-2: Strikes out looking
|
| Top of the 8th over - 0 runs, 2 hits, 0 errors, 2 left on base; Dunedin 10 - St. Pete 3 |
| BOTTOM OF THE 8TH |
|
St. Pete Cardinals batting - Pitching for Dunedin Rangers : RHP Walt Terrell
|
|
Now at 2B: Martin Blair
|
|
|
Now at SS: Andy Owings
|
|
|
Now in CF: Jim Traber
|
|
|
Batting: LHB Kevin Birkofer
|
0-0: Ball 1-0: Foul Ball, location: 2F 1-1: Ground out 4-3 (Groundball, 4, EV 105.0 MPH)
|
|
Batting: RHB Omar Interiano
|
0-0: Ball 1-0: Called Strike 1-1: Ball 2-1: Called Strike 2-2: Foul Ball, location: 2F 2-2: Foul Ball, location: 2F 2-2: Strikes out swinging
|
|
Batting: RHB Jose Mantilla
|
0-0: Called Strike 0-1: Swinging Strike 0-2: Ball 1-2: Strikes out swinging
|
| Bottom of the 8th over - 0 runs, 0 hits, 0 errors, 0 left on base; Dunedin 10 - St. Pete 3 |
| TOP OF THE 9TH |
|
Dunedin Rangers batting - Pitching for St. Pete Cardinals : RHP Ed Myers
|
|
Pinch Hitting: RHB Ruben Rodriguez
|
0-0: Ball 1-0: Ball 2-0: Called Strike 2-1: Called Strike 2-2: Ball 3-2: Foul Ball, location: 2F 3-2: Strikes out swinging
|
|
Pinch Hitting: RHB Curtis Baker
|
0-0: Ball 1-0: Foul Ball, location: 2F 1-1: Foul Ball, location: 2F 1-2: Strikes out swinging
|
|
Batting: RHB Ricky Rosario
|
0-0: Fly out, F5 (Popup, 5SF, EV 74.4 MPH)
|
| Top of the 9th over - 0 runs, 0 hits, 0 errors, 0 left on base; Dunedin 10 - St. Pete 3 |
| BOTTOM OF THE 9TH |
|
St. Pete Cardinals batting - Pitching for Dunedin Rangers : RHP Walt Terrell
|
|
Pitching: RHP Tex Pankratz
|
|
|
Now at 3B: Curtis Baker
|
|
|
Now in LF: James Jeffries
|
|
|
Batting: RHB John Roberts
|
0-0: Ball 1-0: Ball 2-0: Called Strike 2-1: Ball 3-1: Base on Balls
|
|
Batting: RHB Sal Agostinelli
|
0-0: Foul Ball, location: 2F 0-1: Ball 1-1: Foul Ball, location: 2F 1-2: Fielders Choice at 2nd, 4-6 (Groundball, 4, EV 108.8 MPH)
|
|
Pinch Hitting: RHB Rodney Dollar
|
0-0: Ball 1-0: Ball 2-0: Foul Ball, location: 2F 2-1: TRIPLE (Groundball, 3D, EV 103.1 MPH) Sal Agostinelli scores
|
|
Batting: RHB Eric Hardgrave
|
0-0: Foul Ball, location: 2F 0-1: Ball 1-1: Ball 2-1: Ball 3-1: Ground out 5-3 (Groundball, 56, EV 105.0 MPH) Rodney Dollar scores
|
|
Pitching: LHP Eduardo Montoya
|
|
|
Batting: RHB Carlos Garcia
|
0-0: Ground out 5-3 (Groundball, 56, EV 99.4 MPH)
|
| Bottom of the 9th over - 2 runs, 1 hit, 0 errors, 0 left on base; Dunedin 10 - St. Pete 5 |
|